 Dungeon Crawl Stone Soup version 0.28-a0-852-gbbce81c95b (webtiles) character file.

Game seed: 3762153820208607639

94 Gargoyl the Skirmisher (level 4, -2/41 HPs)
             Began as a Gnoll Abyssal Knight on Nov 15, 2021.
             Was a Follower of Lugonu.
             Slain by a hobgoblin (5 damage)
             ... led by Robin
             ... on level 2 of the Dungeon.
             The game lasted 00:02:37 (2883 turns).

Gargoyl the Skirmisher (Gnoll Abyssal Knight)       Turns: 2883, Time: 00:02:38

Health: -2/41      AC:  3    Str: 14    XL:     4   Next: 63%
Magic:  7/7        EV: 12    Int:  9    God:    Lugonu [*.....]
Gold:   63         SH:  0    Dex: 12    Spells: 5/5 levels left

rFire   . . .      SeeInvis .   e - +1 dagger (venom)
rCold   . . .      Faith    .   (no shield)
rNeg    . . .      Spirit   .   b - +0 leather armour
rPois   .          Reflect  .   (no helmet)
rElec   .          Harm     .   (no cloak)
rCorr   .          Rampage  .   (no gloves)
Will    .....                   (no boots)
Stlth   +.........              (no amulet)
HPRegen 0.13/turn               (no ring)
MPRegen 0.10/turn               (no ring)

@: about to teleport
A: fangs 1, strong nose, distributed training
a: Renounce Religion, Depart the Abyss


You were on level 2 of the Dungeon.
You worshipped Lugonu.
Lugonu was aware of your devotion.
You visited 1 branch of the dungeon, and saw 2 of its levels.
You visited the Abyss 1 time.

You collected 105 gold pieces.
You spent 42 gold pieces at shops.

Inventory:

Hand Weapons
 a - a +1 hand axe
 e - a +1 dagger of venom (weapon)
Missiles
 d - 34 poisoned darts (quivered)
Armour
 b - a +0 leather armour (worn)
Scrolls
 c - a scroll of enchant weapon {unknown}
 f - a scroll of enchant armour {unknown}
 g - a scroll of amnesia {unknown}
 i - 2 scrolls of identify {unknown}
 j - a scroll of brand weapon {unknown}
 k - a scroll of silence {unknown}


   Skills:
 + Level 6.6 Fighting
 + Level 1.2 Short Blades
 + Level 1.2 Long Blades
 + Level 4.6 Axes
 + Level 1.2 Maces & Flails
 + Level 1.2 Polearms
 + Level 1.2 Staves
 + Level 1.2 Slings
 + Level 1.2 Bows
 + Level 1.2 Crossbows
 + Level 1.2 Throwing
 + Level 4.6 Armour
 + Level 2.8 Dodging
 + Level 1.2 Stealth
 + Level 1.2 Shields
 + Level 1.2 Unarmed Combat
 + Level 1.2 Spellcasting
 + Level 1.0 Conjurations
 + Level 1.0 Hexes
 + Level 1.0 Summonings
 + Level 1.0 Necromancy
 + Level 1.0 Translocations
 + Level 1.0 Transmutations
 + Level 1.0 Fire Magic
 + Level 1.0 Ice Magic
 + Level 1.0 Air Magic
 + Level 1.0 Earth Magic
 + Level 1.0 Poison Magic
 + Level 4.7 Invocations
 + Level 1.2 Evocations


You had 5 spell levels left.
You didn't know any spells.
Your spell library was empty.

Dungeon Overview and Level Annotations

Branches:
Dungeon (2/15)

Altars:

Shops:
D:1 ?


Innate Abilities, Weirdness & Mutations

You have very sharp teeth.
Your uncanny sense of smell can sniff out nearby items.
Your experience applies equally to all skills.


Message History

You barely miss Robin.
Robin is almost dead.
You kill Robin!
Lugonu accepts your kill. The goblin misses you.
Your Conjurations skill increases to level 1!
Your Hexes skill increases to level 1!
Your Summonings skill increases to level 1!
Your Necromancy skill increases to level 1!
Your Translocations skill increases to level 1!
Your Transmutations skill increases to level 1!
Your Fire Magic skill increases to level 1!
Your Ice Magic skill increases to level 1!
Your Air Magic skill increases to level 1!
Your Earth Magic skill increases to level 1!
Your Poison Magic skill increases to level 1!
You barely miss the goblin. The goblin hits you with a +0 dagger.
The hobgoblin hits you.
* * * LOW HITPOINT WARNING * * *
You hit the goblin.
The goblin is poisoned.
The goblin is heavily wounded.
The hobgoblin hits you.
* * * LOW HITPOINT WARNING * * *
The goblin hits you but does no damage.
Unknown command.
You barely miss the goblin.
The goblin is heavily wounded.
The goblin hits you but does no damage. The hobgoblin hits you.
* * * LOW HITPOINT WARNING * * *
You hit the goblin.
You kill the goblin!
Lugonu accepts your kill. The hobgoblin hits you.
* * * LOW HITPOINT WARNING * * *
Unknown command.
Unknown command.
You aren't carrying any potions.
As you read the scroll of teleportation, it crumbles to dust.
You feel strangely unstable. The hobgoblin hits you.
You die... #.......>.....gg.....<......... #................#.......##.### #...............g#.......##.#.. ########............#######.#.. #)########...# #.#.. #.# ####.g.# #.#.. #.# #g.†...# #.#.. gg#

#g##...#######.#.#
...
#@#.)).........#.#
...#
#)#..#########.#.#
....
#.#..#....÷))..#.#
#.#..#.#######.#..
#.#..#.#.....#....
#.#..#..<......#..
#.##########...#..
#..............#.#
##############....#..


You could see a hobgoblin (strong) and a goblin (strong).

Vanquished Creatures
  An iron imp (Abyss:1)
  Robin (D:2)
  A dart slug (D:1)
  3 endoplasms
  2 giant cockroaches
  6 hobgoblins
  3 quokkas
  2 ball pythons (D:1)
  7 bats
  A frilled lizard (D:1)
  11 goblins
  7 kobolds
  4 rats
49 creatures vanquished.

Notes
Turn   | Place    | Note
-------+----------+-------------------------------------------
     0 | Abyss:1  | Gargoyl the Gnoll Abyssal Knight began the quest for the
                  | Orb.
     0 | Abyss:1  | Reached XP level 1. HP: 23/23 MP: 3/3
    67 | Abyss:1  | Found a corrupted altar of Lugonu.
    77 | Abyss:1  | Found a corrupted altar of Lugonu.
   135 | Abyss:1  | Noticed an iron imp
   141 | Abyss:1  | HP: 1/23 [iron imp (8)]
   142 | Abyss:1  | Killed an iron imp
   143 | Abyss:1  | Reached XP level 2. HP: 1/29 MP: 5/5
   143 | Abyss:1  | Reached XP level 3. HP: 1/35 MP: 6/6
   208 | Abyss:1  | Found a corrupted altar of Lugonu.
   446 | Abyss:1  | Found a corrupted altar of Lugonu.
   494 | Abyss:1  | Noticed a spatial vortex
   509 | Abyss:1  | Noticed a spatial vortex
   511 | Abyss:1  | Noticed a spatial vortex
   511 | Abyss:1  | Noticed a spatial vortex
   512 | Abyss:1  | Noticed a spatial vortex
   513 | Abyss:1  | Noticed a spatial vortex
   513 | Abyss:1  | Noticed a spatial vortex
   514 | Abyss:1  | Noticed a spatial vortex
   515 | Abyss:1  | Noticed a spatial vortex
   535 | Abyss:1  | Noticed an efreet
   537 | D:1      | Escaped the Abyss
   634 | D:1      | Reached * piety under Lugonu
  1226 | D:1      | Found Ypoph's Magic Scroll Boutique.
  1234 | D:1      | Bought a scroll of teleportation for 42 gold pieces
  1379 | D:1      | Reached skill level 1 in Short Blades
  1379 | D:1      | Reached skill level 1 in Long Blades
  1379 | D:1      | Reached skill level 1 in Maces & Flails
  1379 | D:1      | Reached skill level 1 in Polearms
  1379 | D:1      | Reached skill level 1 in Staves
  1379 | D:1      | Reached skill level 1 in Slings
  1379 | D:1      | Reached skill level 1 in Bows
  1379 | D:1      | Reached skill level 1 in Crossbows
  1379 | D:1      | Reached skill level 1 in Throwing
  1379 | D:1      | Reached skill level 1 in Stealth
  1379 | D:1      | Reached skill level 1 in Shields
  1379 | D:1      | Reached skill level 1 in Unarmed Combat
  1379 | D:1      | Reached skill level 1 in Spellcasting
  1379 | D:1      | Reached skill level 1 in Evocations
  1904 | D:2      | Reached XP level 4. HP: 41/41 MP: 7/7
  2279 | D:2      | Noticed Robin
  2878 | D:2      | Killed Robin
  2879 | D:2      | Reached skill level 1 in Conjurations
  2879 | D:2      | Reached skill level 1 in Hexes
  2879 | D:2      | Reached skill level 1 in Summonings
  2879 | D:2      | Reached skill level 1 in Necromancy
  2879 | D:2      | Reached skill level 1 in Translocations
  2879 | D:2      | Reached skill level 1 in Transmutations
  2879 | D:2      | Reached skill level 1 in Fire Magic
  2879 | D:2      | Reached skill level 1 in Ice Magic
  2879 | D:2      | Reached skill level 1 in Air Magic
  2879 | D:2      | Reached skill level 1 in Earth Magic
  2879 | D:2      | Reached skill level 1 in Poison Magic
  2883 | D:2      | Slain by a hobgoblin

Illustrated notes

Levels and vault maps discovered:
D:1:      minmay_arrival_four_loops, layout_basic, serial_shops,
          nicolae_shop_stone, minmay_bisected
D:2:      minmay_recursive_quarters, layout_basic, serial_shops,
          nicolae_lakefront_shop, uniq_robin

Skill      XL: |  1  2  3  4 |
---------------+-------------+-----
Short Blades   | 1 |  1.2
Long Blades    | 1 |  1.2
Maces & Flails | 1 |  1.2
Polearms       | 1 |  1.2
Staves         | 1 |  1.2
Slings         | 1 |  1.2
Bows           | 1 |  1.2
Crossbows      | 1 |  1.2
Throwing       | 1 |  1.2
Stealth        | 1 |  1.2
Shields        | 1 |  1.2
Unarmed Combat | 1 |  1.2
Spellcasting   | 1 |  1.2
Evocations     | 1 |  1.2
Conjurations   | 1 |  1.0
Hexes          | 1 |  1.0
Summonings     | 1 |  1.0
Necromancy     | 1 |  1.0
Translocations | 1 |  1.0
Transmutations | 1 |  1.0
Fire Magic     | 1 |  1.0
Ice Magic      | 1 |  1.0
Air Magic      | 1 |  1.0
Earth Magic    | 1 |  1.0
Poison Magic   | 1 |  1.0
Fighting       | |  6.6
Axes           | |  4.6
Armour         | |  4.6
Dodging        | |  2.8
Invocations    | |  4.7

Action                   |  1- 3 |  4- 6 || total
-------------------------+-------+-------++-------
Melee: Hand axe          |    32 |       ||    32
       Bite              |     7 |     9 ||    16
       Dagger            |    35 |    62 ||    97
       Punch             |       |     1 ||     1
Invok: Depart the Abyss  |     1 |       ||     1
  Use: Scroll            |       |     1 ||     1
 Stab: Sleeping          |     1 |       ||     1
Armor: Leather armour    |    26 |    25 ||    51
Dodge: Dodged            |    68 |    46 ||   114

Table legend: (Time is in decaauts)
 A = Elapsed time spent in this place.
 B = Non-inter-level travel time spent in this place.
 C = Inter-level travel time spent in this place.
 D = Time resting spent in this place.
 E = Time spent auto-exploring this place.
 F = Levels seen in this place.
 G = Mean time per level.
                   A        B        C        D        E       F      G
               +--------+--------+--------+--------+--------+-----+--------+
         Total |   2881 |   2811 |     70 |    508 |   1867 |   3 |  960.3 |
       Dungeon |   2343 |   2273 |     70 |    508 |   1373 |   2 | 1171.5 |
         Abyss |    538 |    538 |      0 |      0 |    494 |   1 |  538.0 |
               +--------+--------+--------+--------+--------+-----+--------+

Top non-repeatable levels by time:
     D:1: 1568 daAuts
     D:2: 774 daAuts
 Abyss:1: 538 daAuts
